 Dungeon Crawl Stone Soup version 0.25-a0-577-ga4619f409e (webtiles) character file.

Game seed: 6103848089457218380, levelgen mode: deterministic

39 Forecaster the Magician (level 3, 0/28 HPs)
             Began as a Naga Wizard on Mar 2, 2020.
             Slain by Grinder (10 damage)
             ... on level 3 of the Dungeon.
             The game lasted 00:07:45 (2045 turns).

Forecaster the Magician (Naga Wizard)               Turns: 2045, Time: 00:07:45

Health: 0/28       AC:  2    Str:  9    XL:     3   Next: 47%
Magic:  1/8        EV: 10    Int: 18    God:
Gold:   140        SH:  0    Dex: 10    Spells: 4/9 levels left

rFire    . . .     SeeInvis +   q - +3 whip (freeze)
rCold    . . .     Gourm    .   (no shield)
rNeg     . . .     Faith    .   a - +0 robe
rPois    +         Spirit   .   b - +0 hat
rElec    .         Reflect  .   (no cloak)
rCorr    .         Harm     +   (no gloves)
MR       .....                  (no barding)
Stlth    ++........             s - amulet of harm
HPRegen  0.09/turn              (no ring)
MPRegen  0.11/turn              (no ring)

@: very slightly contaminated, very slow
A: large, see invisible, deformed body, poison resistance, slowness 2, slow
metabolism 1, spit poison 1, AC +1
a: Spit Poison


You were on level 3 of the Dungeon.
You were not hungry.

You visited 1 branch of the dungeon, and saw 3 of its levels.

You collected 140 gold pieces.

Inventory:

Hand Weapons
 e - a +0 club
 q - a +3 whip of freezing (weapon)
Missiles
 i - 62 stones (quivered)
 j - 69 arrows
 m - 11 poisoned darts
 t - 2 throwing nets
Armour
 a - a +0 robe (worn)
 b - a +0 hat (worn)
Jewellery
 s - an amulet of harm (around neck)
Scrolls
 c - 2 scrolls of teleportation
 k - a scroll of random uselessness {unknown}
 l - a scroll of fog
 n - 3 scrolls of remove curse
 o - a scroll of identify
Potions
 f - a potion of cancellation
 h - a potion of degeneration
 p - a potion of ambrosia {unknown}
Comestibles
 d - 4 rations
 g - a chunk of flesh


   Skills:
 + Level 0.1 Maces & Flails
 + Level 1.7 Dodging
 + Level 3.2 Stealth
 + Level 3.9 Spellcasting
 + Level 1.4 Conjurations
 + Level 1.0 Summonings
 + Level 1.0 Translocations


You had 4 spell levels left.
You knew the following spells:

 Your Spells              Type           Power        Failure   Level  Hunger
a - Magic Dart            Conj           #...         9%          1    None
b - Call Imp              Summ           #.......     14%         2    ##.....
c - Blink                 Tloc           N/A          16%         2    ##.....

Your spell library contained the following spells:

 Spells                   Type           Power        Failure   Level  Hunger
 Slow                     Hex            #.......     22%         2    ##.....
 Conjure Flame            Conj/Fire      #.......     32%         3    ###....
 Mephitic Cloud           Conj/Pois/Air  #.......     36%         3    ###....


Dungeon Overview and Level Annotations

Branches:
Dungeon (3/15)

Altars:
Ashenzari
Cheibriados
Xom
Zin

Annotations:
D:3 Grinder


Innate Abilities, Weirdness & Mutations

You cannot wear boots.
Your serpentine skin is tough. (AC +1)
You have supernaturally acute eyesight. (SInv)
Armour fits poorly on your strangely shaped body.
Your system is resistant to poisons. (rPois)
You cover ground very slowly.
You have a slow metabolism.
You can spit poison.


Message History

A beastly little devil appears in a puff of flame.
Grinder blinks!
What are your orders? t - Shout!
Orders for allies: a - Attack new target. r - Retreat! s - Stop attacking. g - Guard the area. f - Follow me.
Anything else - Cancel.
Gang up on whom?
Press: ? - help, Dir - move target cursor, f - Grinder
Aim: Grinder Attack!
Grinder hits you!
You writhe in agony.
You hit Grinder.
Grinder is lightly wounded.
Grinder hits you!
Your crimson imp hits Grinder.
Your crimson imp closely misses Grinder.
You hit Grinder.
Grinder is moderately wounded.
Grinder hits you!
You die...

....... ... .......#..
...>...... .....
......... .......
......... .........
........# #........
........###......#.
#........@...........
#........55..........
##........5...........
#.....................
#.....................
#.....................
###.......#...........#.
#.........#.............
#.#.......##............


You could see Grinder and 2 friendly crimson imps.

Vanquished Creatures
  2 worms (D:2)
  A dart slug (D:2)
  6 bats
  2 giant cockroaches
  A goblin (D:1)
  4 hobgoblins
  2 jackals (D:2)
  2 kobolds
  A quokka (D:3)
  A frilled lizard (D:1)
  A quokka skeleton (D:3)
  2 rats
25 creatures vanquished.

Vanquished Creatures (collateral kills)
  A worm (D:2)
  2 jackals (D:2)
3 creatures vanquished.

Grand Total: 28 creatures vanquished

Notes
Turn   | Place    | Note
-------+----------+-------------------------------------------
     0 | D:1      | Forecaster the Naga Wizard began the quest for the Orb.
     0 | D:1      | Reached XP level 1. HP: 15/15 MP: 4/4
   280 | D:1      | Reached XP level 2. HP: 22/22 MP: 3/6
   284 | D:1      | Learned a level 2 spell: Call Imp
   287 | D:1      | Learned a level 2 spell: Blink
   368 | D:1      | Found a glowing golden altar of the Shining One.
   372 | D:1      | Found a burning altar of Makhleb.
   372 | D:1      | Found a glowing silver altar of Zin.
   374 | D:1      | Found a snail-covered altar of Cheibriados.
   374 | D:1      | Found a shattered altar of Ashenzari.
   374 | D:1      | Found a shimmering altar of Xom.
  1134 | D:2      | Reached XP level 3. HP: 2/28 MP: 1/8
  2037 | D:3      | Noticed Grinder
  2045 | D:3      | Slain by Grinder

Levels and vault maps discovered:
D:1:      dpeg_arrival_boxes_within_box, layout_basic, doesnt_xom_only_xom
D:2:      layout_rooms
D:3:      minmay_recursive_quarters, layout_basic, fiery_altar_vehumet,
          marbit_many_paths, ebering_ghost_gozag, uniq_sigmund, uniq_grinder,
          uniq_terence

Action                   || total
-------------------------++-------
Melee: Club              ||    10
       Whip              ||    41
 Cast: Magic Dart        ||    45
       Call Imp          ||     6
  Use: Scroll            ||     8
 Stab: Sleeping          ||     1
  Eat: Chunk             ||     3
Armor: Robe              ||     5
Dodge: Dodged            ||    39

Table legend:
 A = Non-vault XP
 B = Vault XP
 C = Vault XP percentage of total XP
 D = Non-vault monster count
 E = Vault monster count
 F = Vault count percentage of total count
                 A         B        C        D         E       F
            +---------+---------+-------+---------+---------+-------
      Total |      57 |       0 |   0.0 |      28 |       0 |   0.0
            +---------+---------+-------+---------+---------+-------
        D:1 |      15 |       0 |   0.0 |       9 |       0 |   0.0
        D:2 |      35 |       0 |   0.0 |      14 |       0 |   0.0
        D:3 |       7 |       0 |   0.0 |       5 |       0 |   0.0
            +---------+---------+-------+---------+---------+-------
